 Dungeon Crawl Stone Soup version 0.30-a0-509-gd016549fea (webtiles) character file.

Game seed: 9050276170870987186

4630 ma3 the Covert (level 10, -2/66 HPs)
             Began as a Kobold Enchanter on Dec 22, 2022.
             Was an Initiate of Nemelex Xobeh.
             Slain by a manticore (8 damage)
             ... on level 9 of the Dungeon.
             The game lasted 00:14:08 (7929 turns).

ma3 the Covert (Kobold Enchanter)                   Turns: 7929, Time: 00:14:08

Health: -2/66      AC: 14    Str:  6    XL:     10   Next: 70%
Magic:  13/13      EV: 19    Int: 17    God:    Nemelex Xobeh [......]
Gold:   119        SH:  0    Dex: 25    Spells: 13/13 levels left

rFire   + . .      SeeInvis .    a - +2 dagger (vorpal)
rCold   + . .      Faith    .    (no shield)
rNeg    . . .      Spirit   .    n - +2 leather armour {rPois}
rPois   +          Reflect  .    (no helmet)
rElec   .          Harm     .    u - scarf {rC+ rF+}
rCorr   .          Rampage  .    i - +1 pair of gloves
Will    .....                    F - +2 pair of boots
Stlth   +++++++...               (no amulet)
HPRegen 0.31/turn                g - +6 ring of dexterity
MPRegen 0.13/turn                r - +4 ring of protection

@: no status effects
A: small, no large weapons, nightstalker 3
a: Renounce Religion, Draw Escape, Draw Destruction, Draw Summoning


You were on level 9 of the Dungeon.
You worshipped Nemelex Xobeh.
Nemelex Xobeh was noncommittal.
You visited 2 branches of the dungeon, and saw 10 of its levels.

You collected 331 gold pieces.
You spent 212 gold pieces at shops.

Inventory:

Hand Weapons
 a - a +2 vorpal dagger (weapon)
Armour
 i - a +1 pair of gloves (worn)
 n - a +2 leather armour of poison resistance (worn)
 u - a scarf of resistance (worn)
 v - a +0 cloak
 F - a +2 pair of boots (worn)
Jewellery
 g - a +6 ring of dexterity (left hand)
 p - a ring of poison resistance
 r - a +4 ring of protection (right hand)
 C - a ring of flight
Wands
 h - a wand of acid (2)
 x - a wand of flame (13)
 y - a wand of polymorph (10)
 D - a wand of paralysis (1)
Scrolls
 b - a scroll of enchant weapon
 c - 2 scrolls of amnesia
 j - 7 scrolls of teleportation
 o - a scroll of poison
 E - 3 scrolls of identify
Potions
 d - 2 potions of flight
 f - a potion of berserk rage
 k - 3 potions of curing
 m - 4 potions of mutation
 q - a potion of cancellation {unknown}
 s - 2 potions of degeneration {unknown}
 t - 2 potions of attraction {unknown}
 w - a potion of lignification {unknown}
 z - a potion of heal wounds
 A - a potion of brilliance {unknown}
 B - 2 potions of might


   Skills:
 + Level 9.0 Fighting
 - Level 10.0 Short Blades
 + Level 6.7 Dodging
 + Level 12.5 Stealth
 - Level 2.1 Spellcasting
 - Level 3.0 Hexes


You had 13 spell levels left.
You didn't know any spells.
Your spell library contained the following spells:

 Spells                   Type           Power      Damage    Failure   Level
 Ensorcelled Hibernation  Hex/Ice        12%        N/A       24%         2
 Confusing Touch          Hex            12%        N/A       26%         3
 Tukima's Dance           Hex            12%        N/A       26%         3
 Apportation              Tloc           2%         N/A       30%         1
 Magic Dart               Conj           4%         1d3       30%         1
 Necrotise                Necr           4%         1d4       30%         1
 Summon Small Mammal      Summ           4%         N/A       30%         1
 Blink                    Tloc           2%         N/A       41%         2
 Call Imp                 Summ           1%         N/A       41%         2
 Dazzling Flash           Conj/Hex       12%        N/A       43%         3
 Portal Projectile        Hex/Tloc       12%        N/A       43%         3
 Mephitic Cloud           Conj/Pois/Air  1%         N/A       65%         3
 Ozocubu's Armour         Ice            1%         N/A       65%         3
 Manifold Assault         Tloc           1%         N/A       96%         4
 Summon Lightning Spire   Summ/Air       1%         N/A       96%         4
 Blade Hands              Tmut           0%         N/A       100%        5
 Ozocubu's Refrigeration  Ice            0%         4d7       100%        7
 Storm Form               Tmut/Air       0%         N/A       100%        7
 Maxwell's Capacitive Co  Air            0%         ∞         100%        8


Dungeon Overview and Level Annotations

Branches:
Dungeon (9/15)             Temple (1/1) D:7
   Lair: D:8-11         Orc: D:9-12

Altars:
Ashenzari
Cheibriados
Elyvilon
Fedhas
Gozag
Hepliaklqana
Kikubaaqudgha
Makhleb
Nemelex Xobeh
Okawaru
Qazlal
Ru
Sif Muna
Trog
Uskayaw
Vehumet
Wu Jian
Xom
Yredelemnul
The Shining One

Shops:
D:1 (   D:6 ![:!*?   D:7 *

Annotations:
D:7 3 runed translucent doors, Verendum's ghost, novice OpTm


Innate Abilities, Weirdness & Mutations

You are small and have problems with some larger weapons.
You are completely attuned to the shadows.


Message History

You hit the manticore.
The manticore is severely wounded.
You carefully extract the barbed spikes from your body.
You hit the manticore but do no damage.
The manticore is severely wounded.
The shadow slips into darkness.
The shadow flickers and vanishes!
Deactivating autopickup; reactivate with Ctrl-A.
The manticore completely misses you. The manticore barely misses you.
The manticore misses you.
You closely miss the manticore.
The manticore is heavily wounded.
You hit the manticore but do no damage.
You punch the manticore, but do no damage.
The manticore is heavily wounded.
The manticore closely misses you.
The manticore claws you but does no damage.
The manticore barely misses you.
You hit the manticore.
The manticore is severely wounded.
You barely miss the manticore.
The manticore is severely wounded.
The shadow strikes at you from the darkness!
* * * LOW HITPOINT WARNING * * *
Reactivating autopickup.
The manticore completely misses you. The manticore misses you.
The manticore claws you but does no damage.
Unknown command.
You feel much better. The shadow misses you. The manticore bites you!!
* * * LOW HITPOINT WARNING * * *
The manticore claws you but does no damage.
The manticore completely misses you.
As you read the scroll of butterflies, it crumbles to dust.
You hear the tinkle of a tiny bell.
The shadow barely misses you.
The manticore bites you but does no damage.
The manticore claws you.
* * * LOW HITPOINT WARNING * * *
The manticore claws you!
You die...
Your body disappears without a glow.

#.## ####....#
....####.......
#.#.....#<......>
#....#............
......b..#.#....#.
.b...#b.##.......
.b.b#.bb#.......
.b.bb#W#bb....
###.#@Hb...
####b#b#.


bbb. .bb. bbb# You could see a manticore (ally target) and a shadow (ally
target).

Vanquished Creatures
  Pikel (D:7)
  A cyclops (D:8)
  A hornet (D:5)
  A vampire (D:8)
  A wyvern (D:9)
  4 yaks (D:8)
  2 steam dragons
  Edmund (D:5)
  Duvessa (D:5)
  An ice beast (D:7)
  2 sky beasts
  A black bear (D:5)
  An ogre (D:4)
  3 phantoms
  2 lemures (D:6)
  2 kobold brigands
  A bullfrog (D:5)
  6 scorpions (D:5)
  A necrophage (D:6)
  3 wights (D:6)
  Dowan (D:5)
  A hound (D:6)
  A quasit (D:4)
  A gnoll bouda (D:7)
  Crazy Yiuf (D:3)
  4 orc priests
  4 orc wizards
  An iguana (D:6)
  Ijyb (D:4)
  Natasha (thrice) (D:3)
  A hell rat (D:8)
  6 adders
  8 gnolls
  A river rat (D:8)
  3 shadow imps
  2 white imps
  An ufetubus (D:6)
  A worm (D:4)
  23 orcs
  7 endoplasms
  5 giant cockroaches
  2 goblins
  8 hobgoblins
  6 quokkas
  7 ball pythons
  3 bats
  8 frilled lizards
  12 kobolds
  5 rats
163 creatures vanquished.

Vanquished Creatures (others)
  5 demonic plants (D:4)
5 creatures vanquished.

Grand Total: 168 creatures vanquished

Notes
Turn   | Place    | Note
-------+----------+-------------------------------------------
     0 | D:1      | ma3 the Kobold Enchanter began the quest for the Orb.
     0 | D:1      | Reached XP level 1. HP: 10/10 MP: 3/3
   133 | D:1      | Reached XP level 2. HP: 16/16 MP: 5/5
   401 | D:1      | Found Voph's Antique Weapon Emporium.
   510 | D:1      | Reached skill level 1 in Fighting
   911 | D:1      | Reached XP level 3. HP: 20/20 MP: 6/6
  1171 | D:2      | Found an ornate altar of the Wu Jian Council.
  1279 | D:2      | Reached XP level 4. HP: 25/25 MP: 7/7
  1724 | D:3      | Reached skill level 5 in Stealth
  1809 | D:3      | Reached XP level 5. HP: 30/30 MP: 8/8
  1907 | D:3      | Noticed Natasha
  1911 | D:3      | Killed Natasha
  1957 | D:3      | Noticed Natasha
  1966 | D:3      | Killed Natasha
  2006 | D:3      | Noticed Natasha
  2040 | D:3      | Killed Natasha
  2041 | D:3      | Reached skill level 5 in Short Blades
  2147 | D:3      | Found a runed translucent door.
  2150 | D:3      | Noticed Crazy Yiuf
  2158 | D:3      | Killed Crazy Yiuf
  2159 | D:3      | Reached XP level 6. HP: 9/36 MP: 9/9
  2353 | D:3      | Found a faded altar of an unknown god.
  3000 | D:4      | Found a radiant altar of Vehumet.
  3038 | D:4      | Reached skill level 6 in Stealth
  3129 | D:4      | Found an ancient bone altar of Kikubaaqudgha.
  3404 | D:4      | Noticed Ijyb
  3408 | D:4      | Killed Ijyb
  3428 | D:4      | Noticed an ogre
  3430 | D:4      | Killed an ogre
  3431 | D:4      | Reached XP level 7. HP: 41/41 MP: 10/10
  3611 | D:4      | Found a bloodstained altar of Trog.
  3717 | D:4      | Found a shimmering blue altar of Sif Muna.
  4046 | D:5      | Entered Level 5 of the Dungeon
  4166 | D:5      | Noticed a hornet
  4188 | D:5      | Killed a hornet
  4189 | D:5      | Reached skill level 7 in Stealth
  4189 | D:5      | Reached XP level 8. HP: 48/48 MP: 11/11
  4219 | D:5      | Noticed Edmund
  4223 | D:5      | Killed Edmund
  4343 | D:5      | Noticed Duvessa
  4345 | D:5      | Noticed Dowan
  4347 | D:5      | Killed Duvessa
  4348 | D:5      | Reached skill level 5 in Fighting
  4348 | D:5      | Reached skill level 8 in Stealth
  4362 | D:5      | Killed Dowan
  4419 | D:5      | Reached XP level 9. HP: 54/54 MP: 12/12
  4507 | D:5      | Reached skill level 10 in Short Blades
  4595 | D:5      | Reached skill level 9 in Stealth
  4819 | D:6      | Found Icreriji's Book Shoppe.
  4875 | D:6      | Found Affaveh's Magic Scroll Shop.
  5010 | D:6      | Found Taoge's Neck Hole.
  5036 | D:6      | Found a sacrificial altar of Ru.
  5085 | D:6      | Found Ruodafab's Distillery.
  5091 | D:6      | Bought a potion of heal wounds for 65 gold pieces
  5091 | D:6      | Bought a potion of curing for 39 gold pieces
  5113 | D:6      | Found Vaviqaih's Antique Armour Shoppe.
  5260 | D:6      | Found Faesmocs's Distillery.
  5267 | D:6      | Bought a potion of heal wounds for 60 gold pieces
  5267 | D:6      | Bought a potion of might for 48 gold pieces
  5318 | D:6      | Reached skill level 10 in Stealth
  5330 | D:6      | Found a shimmering altar of Xom.
  5358 | D:6      | Found an opulent altar of Gozag.
  5394 | D:6      | Noticed a +0 dagger
  5395 | D:6      | Noticed a +0 short sword
  5395 | D:6      | Noticed a +0 falchion
  5396 | D:6      | Noticed a +0 short sword
  5396 | D:6      | Noticed a +0 falchion
  5397 | D:6      | Noticed a +0 spear
  5398 | D:6      | Noticed a +0 dagger
  5400 | D:6      | Noticed a +0 spear
  5510 | D:6      | Found a hide-covered altar of Uskayaw.
  5777 | D:7      | Found a white marble altar of Elyvilon.
  5841 | D:7      | Found a runed translucent gate.
  5841 | D:7      | Found a runed translucent gate.
  5842 | D:7      | Found a runed translucent gate.
  5844 | D:7      | Noticed Pikel
  5982 | D:7      | Killed Pikel
  5983 | D:7      | Reached XP level 10. HP: 51/64 MP: 13/13
  5990 | D:7      | Reached skill level 11 in Stealth
  6043 | D:7      | Found Hisaah's General Store.
  6316 | D:7      | Found a staircase to the Ecumenical Temple.
  6322 | Temple   | Entered the Ecumenical Temple
  6571 | Temple   | Became a worshipper of Nemelex Xobeh the Trickster
  6891 | D:7      | Noticed Verendum's ghost (novice OpTm)
  6995 | D:8      | Reached skill level 5 in Dodging
  7032 | D:8      | Noticed a cyclops
  7048 | D:8      | Killed a cyclops
  7193 | D:8      | Reached skill level 12 in Stealth
  7234 | D:8      | Found a broken altar of Ashenzari.
  7379 | D:8      | Noticed a death yak
  7429 | D:8      | Noticed a death yak
  7910 | D:9      | Found a snail-covered altar of Cheibriados.
  7910 | D:9      | Noticed a manticore
  7929 | D:9      | Slain by a manticore

Illustrated notes

Levels and vault maps discovered:
D:1:      dpeg_arrival_another_circle, layout_basic, serial_shops, shop,
          minmay_lizard_pond
D:2:      kennysheep_big_flooded_room, layout_rooms, basic_altar, minmay_tripent
D:3:      layout_loops_ring, ebering_ecumenical_altar_hall,
          uniq_crazy_yiuf_cottage, uniq_natasha
D:4:      layout_loops_cross, nicolae_kikubaaqudgha_miasma_corner, led_sif_book,
          marbit_many_paths, kennysheep_mini, serial_demonic, serial_demonic_f,
          serial_demonic_e, serial_demonic_a, serial_demonic_e, uniq_ijyb
D:5:      layout_rooms, mrwooster_statue_mirror, uniq_duvessa, uniq_edmund
D:6:      layout_basic, nicolae_ru_great_annihilating_truth,
          nicolae_uskayaw_en_pointe, grunt_gozag_breadcrumbs,
          mainiacjoe_overflow_catwalk, serial_shops, nicolae_stop_n_shop_1,
          shop, shop, nicolae_shop_hallway_plus, shop_statue,
          nicolae_shop_sticking_my_neck_out
D:7:      layout_rooms, elyvilon_altar_1, lemuel_temple_firewalk_b,
          serial_shops, shop, gammafunk_ghost_icy, moated_statue, uniq_pikel
D:8:      layout_loops_ring, ashenzari_conservatory_becter, dpeg_lair_monsters
D:9:      layout_cross, lemuel_tele_altar, minivault_11,
          hangedman_feature_mirror, dilly_guarded_unrand_devastator
Temple:   nicolae_temple_bog_church

Skill      XL: |  1  2  3  4  5  6  7  8  9 10 |
---------------+-------------------------------+-----
Short Blades   | 2 3 4 5 6 8 9 10 | 10.0
Fighting       | 1 2 3 4 5 7 9 |  9.0
Stealth        | 5 6 7 8 10 12 | 12.5
Dodging        | 4 6 |  6.7
Spellcasting   | |  2.1
Hexes          | |  3.0

Action                   |  1- 3 |  4- 6 |  7- 9 | 10-12 || total
-------------------------+-------+-------+-------+-------++-------
Melee: Dagger            |    67 |   180 |   276 |   171 ||   694
       Punch             |     2 |     2 |     5 |     3 ||    12
Evoke: Wand              |       |       |     4 |     4 ||     8
  Use: Potion            |       |     1 |     3 |     1 ||     5
       Scroll            |       |    12 |     8 |     1 ||    21
 Stab: Sleeping          |    15 |    12 |    20 |    13 ||    60
       Distracted        |       |     3 |     1 |     1 ||     5
       Invisible         |       |     1 |     2 |       ||     3
       Paralysed         |       |       |       |     1 ||     1
Armor: Robe              |     7 |    23 |       |       ||    30
       Leather armour    |       |       |    61 |    31 ||    92
Dodge: Dodged            |    47 |    78 |   138 |    97 ||   360

Table legend: (Time is in decaauts)
 A = Elapsed time spent in this place.
 B = Non-inter-level travel time spent in this place.
 C = Inter-level travel time spent in this place.
 D = Time resting spent in this place.
 E = Time spent auto-exploring this place.
 F = Levels seen in this place.
 G = Mean time per level.
                   A        B        C        D        E       F      G
               +--------+--------+--------+--------+--------+-----+--------+
         Total |   7708 |   7450 |    258 |    398 |   5556 |  10 |  770.8 |
       Dungeon |   7435 |   7191 |    244 |    398 |   5308 |   9 |  826.1 |
        Temple |    272 |    259 |     13 |      0 |    248 |   1 |  272.0 |
               +--------+--------+--------+--------+--------+-----+--------+

Top non-repeatable levels by time:
     D:3: 1282 daAuts
     D:4: 1089 daAuts
     D:1: 993 daAuts
     D:6: 975 daAuts
     D:7: 961 daAuts
     D:8: 856 daAuts
     D:2: 651 daAuts
     D:5: 593 daAuts
  Temple: 272 daAuts
     D:9: 31 daAuts
